 Dungeon Crawl Stone Soup version 0.24.1 (webtiles) character file.

Game seed: 11680783489112339187, levelgen mode: deterministic

8299 Ponchio the Thaumaturge (level 11, -22/48 HPs)
             Began as a Deep Elf Earth Elementalist on Mar 24, 2020.
             Was a Priest of Vehumet.
             Shot with a bolt by an orc warrior (30 damage)
             ... in a bailey.
             The game lasted 00:49:49 (11365 turns).

Ponchio the Thaumaturge (DEEE)                     Turns: 11365, Time: 00:49:49

Health: -22/48     AC:  4    Str:  7    XL:     11   Next: 8%
Magic:  29/31      EV: 19    Int: 28    God:    Vehumet [***...]
Gold:   509        SH:  0    Dex: 25    Spells: 24/39 levels left

rFire    . . .     SeeInvis +   t - +5 spear "Koletaimp" {drain, Int+4}
rCold    . . .     Gourm    +   (no shield)
rNeg     . . .     Faith    .   c - +1 robe
rPois    .         Spirit   .   (no helmet)
rElec    .         Reflect  .   (no cloak)
rCorr    +         Harm     .   (no gloves)
MR       +....                  e - +0 pair of boots
Stlth    ++++......             G - amulet of the gourmand
HPRegen  0.16/turn              y - +5 ring of dexterity (curse)
MPRegen  0.22/turn              D - ring of resist corrosion

@: agile, very slightly contaminated
A: hooves 1, see invisible, frail 1, strong 1
a: Renounce Religion


You were in a bailey.
You worshipped Vehumet.
Vehumet was most pleased with you.
You were not hungry.

You visited 1 branch of the dungeon, and saw 11 of its levels.
You also visited: Ossuary and Bailey.

You collected 509 gold pieces.

Inventory:

Hand Weapons
 t - the +5 spear "Koletaimp" (weapon) {drain, Int+4}
   (You found it on level 6 of the Dungeon)

   A truly terrible weapon, it drains the life of those it strikes.
   It affects your intelligence (+4).
Missiles
 b - 77 stones (quivered)
Armour
 c - a +1 robe (worn)
 e - a +0 pair of boots (worn)
Jewellery
 g - an uncursed ring of wizardry
 l - an uncursed ring of protection from fire
 y - a cursed +5 ring of dexterity (left hand)
 D - a ring of resist corrosion (right hand)
 G - an amulet of the gourmand (around neck)
Wands
 s - a wand of polymorph (9)
 E - a wand of iceblast (21)
 K - a wand of acid (9)
 L - a wand of flame (33)
 N - a wand of random effects (21)
Scrolls
 a - 5 scrolls of immolation
 h - 4 scrolls of enchant weapon
 i - 3 scrolls of enchant armour
 k - 8 scrolls of remove curse
 v - 2 scrolls of amnesia
 w - 3 scrolls of teleportation
 B - a scroll of magic mapping
 F - 2 scrolls of fear {unknown}
 H - a scroll of fog
 J - a scroll of random uselessness {unknown}
Potions
 f - 4 potions of degeneration
 j - 4 potions of heal wounds
 m - 3 potions of agility
 n - 2 potions of ambrosia
 o - 4 potions of lignification
 p - 5 potions of magic
 q - a potion of berserk rage
 r - 2 potions of invisibility
 u - 2 potions of resistance
 x - a potion of haste
 z - 4 potions of curing
 A - 2 potions of brilliance
 C - 2 potions of cancellation
 M - a potion of flight {unknown}
Comestibles
 d - 26 rations


   Skills:
 - Level 2.4 Dodging
 - Level 2.4 Stealth
 + Level 14.5 Spellcasting
 - Level 1.1 Transmutations
 + Level 13.8 Earth Magic


You had 24 spell levels left.
You knew the following spells:

 Your Spells              Type           Power        Failure   Level  Hunger
a - Sandblast             Erth           ######       0%          1    None
b - Passwall              Tmut/Erth      ######..     1%          2    None
c - Stone Arrow           Conj/Erth      ######       1%          3    None
d - Petrify               Tmut/Erth      ######..     1%          4    None
e - Lee's Rapid Deconstr  Erth           #######...   1%          5    None

Your spell library contained the following spells:

 Spells                   Type           Power        Failure   Level  Hunger
 Ignite Poison            Fire/Tmut/Pois ###.....     1%          3    None
 Magic Dart               Conj           ###.         1%          1    None
 Searing Ray              Conj           ###...       1%          2    None
 Animate Skeleton         Necr           N/A          2%          1    None
 Apportation              Tloc           ###...       2%          1    None
 Confusing Touch          Hex            ###...       2%          1    None
 Summon Small Mammal      Summ           ###.         2%          1    None
 Dazzling Spray           Conj/Hex       ###...       2%          3    None
 Force Lance              Conj/Tloc      ###.....     7%          4    None
 Fulminant Prism          Conj/Hex       ###.......   7%          4    None
 Iskenderun's Mystic Bla  Conj           ###.....     7%          4    None


Dungeon Overview and Level Annotations

Branches:
Dungeon (11/15)            Temple (0/1) D:7            Lair (0/6) D:9
    Orc (0/2) D:10        Ossuary (visited)          Bailey (1/1)

Altars:
Ashenzari
Elyvilon
Fedhas
Gozag
Hepliaklqana
Okawaru
Ru
Uskayaw
Vehumet
Xom
Zin
The Shining One

Shops:
D:7 =   D:8 !   D:10 (


Innate Abilities, Weirdness & Mutations

You have large cloven feet.
You have supernaturally acute eyesight. (SInv)
You are frail. (-10% HP)
Your muscles are strong. (Str +2)


Message History

An orc warrior comes into view. It is wielding a +0 halberd.
The orc warrior shouts!
The orc shouts!
The orc warrior shouts!
The orc warrior barely misses you.
An orc comes into view. It is wielding a +0 halberd.
The orc shouts!
An orc warrior comes into view. It is wielding a +0 arbalest.
The orc warrior shouts!
Found a gate leading back out of this place.
Blink to where?
Press: ? - help, Dir - move target cursor You are very lightly contaminated with residual magic.
As you read the scroll of blinking, it crumbles to dust.
An orc and an orc warrior come into view.
The orc warrior shouts!
The orc warrior shoots a bolt.
The bolt hits you!!
* * * LOW HITPOINT WARNING * * *
The orc warrior shoots a bolt.
The bolt misses you.
The orc warrior shoots a bolt.
The bolt hits you!!
Ouch! That really hurt!
You die...

## #########∩##
####
##.....##...##..o.
#..≈≈≈..#...#..≈≈≈
#.≈≈o≈≈.......≈≈o≈
+.≈o∩o≈.......≈oo
#.≈≈o≈≈.(@....≈≈.
#..≈≈≈..#...#..≈≈
#§.o..##.∩.# .
#########§## ###


You could see 6 orc warriors and 3 orcs.

Vanquished Creatures
  A two-headed ogre (D:9)
  A manticore (D:11)
  Psyche (D:10)
  A troll (D:10)
  2 hornets
  A hippogriff (D:7)
  A human (D:7)
  5 yaks (D:9)
  4 hogs (D:7)
  A hungry ghost (D:9)
  Duvessa (D:5)
  3 black bears
  4 phantoms
  An orc warrior (D:9)
  5 ice beasts
  An eye of draining (D:10)
  3 centaurs
  9 ogres
  A crocodile (D:9)
  6 bullfrogs
  A water moccasin zombie (Ossuary)
  3 scorpions
  Dowan (D:4)
  5 killer bees (D:10)
  3 wights (D:10)
  A howler monkey (D:4)
  2 crimson imps
  2 centaur zombies
  6 hounds
  A jelly (D:7)
  2 orc wizards (D:8)
  An orc priest (D:2)
  2 bullfrog skeletons
  Terence (D:1)
  Jessica (D:2)
  5 iguanas
  6 worker ants
  A big kobold zombie (Ossuary)
  2 hound skeletons
  2 mummies (Ossuary)
  A worker ant zombie (D:5)
  11 gnolls
  10 adders
  7 adder zombies
  6 worms
  4 dart slugs
  9 leopard geckos
  26 orcs
  2 ball pythons
  6 giant cockroaches
  4 gnoll zombies
  17 goblins
  6 hobgoblins
  9 jackals
  3 kobolds
  5 quokkas
  14 bats
  3 frilled lizards (D:3)
  5 hobgoblin zombies (Ossuary)
  3 jackal skeletons
  4 kobold zombies (Ossuary)
  5 orc zombies
  8 rats
  A rat zombie (D:7)
269 creatures vanquished.

Vanquished Creatures (others)
  A quokka (D:4)
  3 fungi (D:9)
4 creatures vanquished.

Grand Total: 273 creatures vanquished

Notes
Turn   | Place    | Note
-------+----------+-------------------------------------------
     0 | D:1      | Ponchio the Deep Elf Earth Elementalist began the quest for
                  | the Orb.
     0 | D:1      | Reached XP level 1. HP: 10/10 MP: 6/6
   157 | D:1      | Reached XP level 2. HP: 10/15 MP: 1/8
  1062 | D:2      | Reached XP level 3. HP: 14/19 MP: 3/10
  1335 | D:2      | Reached skill level 4 in Spellcasting
  1343 | D:2      | Reached XP level 4. HP: 11/24 MP: 2/12
  1344 | D:2      | Noticed Terence
  1461 | D:1      | Killed Terence
  1756 | D:2      | Reached skill level 5 in Earth Magic
  1764 | D:2      | Reached skill level 5 in Spellcasting
  1764 | D:2      | Reached XP level 5. HP: 14/28 MP: 9/14
  1776 | D:2      | Learned a level 2 spell: Passwall
  1780 | D:2      | Learned a level 3 spell: Stone Arrow
  1785 | D:2      | Learned a level 4 spell: Petrify
  1880 | D:2      | Noticed Jessica
  1885 | D:2      | Killed Jessica
  1898 | D:2      | Learned a level 5 spell: Lee's Rapid Deconstruction
  2316 | D:3      | Found a hide-covered altar of Uskayaw.
  2381 | D:3      | Reached skill level 6 in Spellcasting
  2535 | D:3      | Reached XP level 6. HP: 32/32 MP: 15/17
  2616 | D:3      | Found an iron altar of Okawaru.
  3473 | D:4      | Noticed Dowan
  3511 | D:4      | Noticed Duvessa
  3551 | D:4      | Killed Dowan
  3666 | D:4      | Found a hazy altar of Hepliaklqana.
  3669 | D:4      | Reached skill level 7 in Spellcasting
  3669 | D:4      | Reached XP level 7. HP: 30/36 MP: 7/19
  3783 | D:4      | Found a white marble altar of Elyvilon.
  4640 | D:4      | Found a glowing golden altar of the Shining One.
  4640 | D:4      | Found a shattered altar of Ashenzari.
  4646 | D:4      | Found a blossoming altar of Fedhas.
  4648 | D:4      | Found a faded altar of an unknown god.
  4650 | D:4      | Found an opulent altar of Gozag.
  4841 | D:4      | Found a sacrificial altar of Ru.
  4960 | D:5      | Entered Level 5 of the Dungeon
  5076 | D:5      | Reached skill level 8 in Spellcasting
  5178 | D:5      | Found a hazy altar of Hepliaklqana.
  5320 | D:5      | Reached XP level 8. HP: 38/41 MP: 17/22
  5427 | D:5      | Reached skill level 9 in Spellcasting
  5506 | D:5      | Gained mutation: You have supernaturally acute eyesight.
                  | (SInv) [potion of mutation]
  5506 | D:5      | Gained mutation: You have large cloven feet. [potion of
                  | mutation]
  5506 | D:5      | Gained mutation: You are frail. (-10% HP) [potion of
                  | mutation]
  5506 | D:5      | Gained mutation: Your muscles are strong. (Str +2) [potion
                  | of mutation]
  5726 | D:5      | Found a radiant altar of Vehumet.
  5730 | D:5      | Became a worshipper of Vehumet
  5932 | D:5      | Killed Duvessa
  6330 | D:6      | Found a blossoming altar of Fedhas.
  6357 | D:6      | Got a transparent spear
  6358 | D:6      | Identified the +5 spear "Koletaimp" {drain, Int+4} (You
                  | found it on level 6 of the Dungeon)
  6514 | D:6      | Reached skill level 10 in Spellcasting
  6730 | D:7      | Found a staircase to the Ecumenical Temple.
  6742 | D:7      | Found a sand-covered staircase.
  6763 | Ossuary  | Entered an ossuary
  6805 | Ossuary  | Reached skill level 10 in Earth Magic
  6962 | Ossuary  | Reached * piety under Vehumet
  6962 | Ossuary  | Offered knowledge of Flame Tongue by Vehumet.
  7201 | D:7      | Reached XP level 9. HP: 40/40 MP: 6/25
  7418 | D:7      | Reached skill level 11 in Spellcasting
  7552 | D:7      | Found a shimmering altar of Xom.
  7552 | D:7      | Found a glowing silver altar of Zin.
  7552 | D:7      | Noticed an angel
  7665 | D:7      | Found Wafuothasch's Jewellery Emporium.
  7764 | D:7      | You fall into a shaft and drop 3 floors!
  7764 | D:10     | Entered Level 10 of the Dungeon
  7764 | D:10     | Found a staircase to the Orcish Mines.
  7764 | D:10     | Found Emarericw's Weapon Emporium.
  7765 | D:10     | Noticed Psyche
  7776 | D:10     | Reached ** piety under Vehumet
  7784 | D:10     | Offered knowledge of Freeze by Vehumet.
  8134 | D:10     | Noticed a troll
  8142 | D:10     | Killed a troll
  8203 | D:10     | Reached skill level 12 in Spellcasting
  8624 | D:10     | Killed Psyche
  8624 | D:10     | Reached XP level 10. HP: 45/45 MP: 12/28
  8956 | D:9      | Noticed a two-headed ogre
  9155 | D:9      | Reached skill level 13 in Spellcasting
  9344 | D:9      | Offered knowledge of Throw Flame by Vehumet.
  9381 | D:9      | Reached *** piety under Vehumet
  9531 | D:9      | Killed a two-headed ogre
  9823 | D:9      | Found a staircase to the Lair.
 10026 | D:9      | Reached skill level 14 in Spellcasting
 10494 | D:8      | Found Zosem's Distillery.
 10928 | D:7      | Offered knowledge of Ignite Poison by Vehumet.
 10929 | D:7      | Reached XP level 11. HP: 44/48 MP: 21/31
 11352 | D:11     | Found a flagged portal.
 11359 | Bailey   | Entered a bailey
 11365 | Bailey   | Shot with a bolt by an orc warrior

Levels and vault maps discovered:
D:1:      evilmike_arrival_hilbert_curve, layout_basic, minmay_pentomino_u2
D:2:      layout_basic, guppyfry_early_lair_pool, uniq_terence, uniq_jessica
D:3:      layout_basic, kennysheep_okawaru_gauntlet, overflow_temple_1_default,
          feat_on_display
D:4:      layout_loops_cross, lemuel_coloured_pillars_altar, elyvilon_altar_4,
          chequers_temple_overflow_minitemple, serial_bayou_ford_a,
          minmay_ruined_shrine, uniq_duvessa
D:5:      layout_basic, nicolae_overflow_crystal_walls, kennysheep_mini_moat,
          first_ration, grunt_ministairs_11, chequers_serial_rivers_small_b,
          due_unseen_surprise
D:6:      layout_rooms, fedhas_altar_3
D:7:      layout_loops_ring, grunt_temple_overflow_order_and_chaos_1,
          minmay_temple_entry_grid, enter_ossuary_3, grunt_livestock,
          hangedman_decor_peaks_small, minmay_shop_enchanted_jewellery
D:8:      layout_basic, serial_shops, shop
D:9:      layout_basic, grunt_lair_entry_orc_guard_hut
D:10:     layout_roguey, orc_david_3, uniq_psyche
D:11:     layout_stronghold, enter_bailey_3
Bailey:   bailey_polearm_4, bailey

Skill      XL: |  1  2  3  4  5  6  7  8  9 10 |
---------------+-------------------------------+-----
Earth Magic    | 4 5 6 8 10 12 13 | 13.8
Spellcasting   | 4 5 6 7 8 10 12 14 | 14.5
Dodging        | |  2.4
Stealth        | |  2.4
Transmutations | |  1.1

Action                   |  1- 3 |  4- 6 |  7- 9 | 10-12 || total
-------------------------+-------+-------+-------+-------++-------
Melee: Dagger            |    20 |    26 |    18 |       ||    64
       Spear             |       |       |    10 |     1 ||    11
 Cast: Sandblast         |    42 |    92 |    98 |     4 ||   236
       Lee's Rapid Decon |       |     4 |    47 |    43 ||    94
       Stone Arrow       |       |     1 |    10 |    31 ||    42
       Petrify           |       |       |     1 |     1 ||     2
  Use: Scroll            |       |    12 |    14 |     5 ||    31
       Potion            |       |     1 |     2 |     2 ||     5
 Stab: Sleeping          |     3 |     1 |     2 |       ||     6
  Eat: Chunk             |     1 |     8 |    15 |     8 ||    32
       Ration            |       |       |     3 |       ||     3
Armor: Robe              |     8 |    11 |    16 |     1 ||    36
Dodge: Dodged            |    24 |    52 |    48 |     5 ||   129
